 Dungeon Crawl Stone Soup version 0.29.1-1-gd02db6906a (webtiles) character file.

Game seed: 8455574756584177790

24951 Hadkhar the Cleaver (level 12, -2/111 HPs)
             Began as a Minotaur Berserker on Sept 16, 2022.
             Was an Elder of Trog.
             Slain by a salamander
             ... wielding a +0 trident
              (7 damage)
             ... on level 2 of the Snake Pit.
             The game lasted 02:29:53 (20093 turns).

Hadkhar the Cleaver (Minotaur Berserker)           Turns: 20093, Time: 02:29:54

Health: -2/111     AC: 19    Str: 28    XL:     12   Next: 85%
Magic:  2/2        EV: 13    Int:  8    God:    Trog [****..]
Gold:   648        SH:  0    Dex: 11    Spells: 11/11 levels left

rFire   . . .      SeeInvis .   r - +4 battleaxe "Tyose" {drain, Fly}
rCold   + + .      Faith    .   (shield currently unavailable)
rNeg    + . .      Spirit   .   h - +2 plate armour
rPois   .          Reflect  .   L - +0 hat of Orimuel {rC++ MP-9 Int+4 Stlth+}
rElec   .          Harm     .   y - scarf {shadows}
rCorr   +          Rampage  .   (no gloves)
Will    +....                   F - +1 pair of boots
Stlth   ..........              (no amulet)
HPRegen 0.28/turn               f - +4 ring of evasion
MPRegen 0.08/turn               t - ring "Bohyteuf" {rN+ Will+ rCorr Str+2}

@: on berserk cooldown, flying, slowed, very slow
A: horns 2, retaliatory headbutt, MP-powered wands, noise suppression
a: Renounce Religion, Berserk, Trog's Hand, Brothers in Arms


You were on level 2 of the Snake Pit.
You worshipped Trog.
Trog was greatly pleased with you.
You visited 3 branches of the dungeon, and saw 12 of its levels.
You also visited: Gauntlet.

You collected 648 gold pieces.

Inventory:

Hand Weapons
 n - a +1 dire flail of protection
 r - the +4 battleaxe "Tyose" (weapon) {drain, Fly}
   (You acquired it on level 5 of the Dungeon)

   A truly terrible weapon, it drains the life of any living foe it strikes.
   Fly:       It grants you flight.
 v - a +5 battleaxe
 M - a +2 war axe of flaming
 Q - a +2 scimitar of freezing
 R - a +1 halberd of flaming
Missiles
 w - 13 poisoned darts (quivered)
 z - 3 boomerangs of dispersal
 B - 6 curare-tipped darts
 P - 2 javelins
 T - 4 atropa-tipped darts
Armour
 h - a +2 plate armour (worn)
 s - a +4 ring mail of cold resistance
 y - a scarf of shadows (worn)
 C - a +0 pair of boots
 F - a +1 pair of boots (worn)
 L - the +0 hat of Orimuel (worn) {rC++ MP-9 Int+4 Stlth+}
   (You found it in a Gauntlet)

   Int:       It affects your intelligence (+4).
   rC:        It greatly protects you from cold.
   MP:        It affects your magic capacity (-9).
   Stlth:     It makes you more stealthy.
Jewellery
 f - a +4 ring of evasion (left hand)
 t - the ring "Bohyteuf" (right hand) {rN+ Will+ rCorr Str+2}
   (You acquired it on level 2 of the Lair of Beasts)

   [ring of resist corrosion]

   Str:       It affects your strength (+2).
   rN:        It protects you from negative energy.
   rCorr:     It protects you from acid and corrosion.
   Will:      It increases your willpower.
 x - an amulet of faith
 A - a +6 ring of intelligence
 K - a ring of protection from fire
Wands
 g - a wand of digging (14)
 q - a wand of roots (13)
 U - a wand of charming (5)
Scrolls
 c - 6 scrolls of teleportation
 d - 12 scrolls of identify
 k - 2 scrolls of magic mapping
 l - 4 scrolls of blinking
 m - 2 scrolls of poison
 o - 4 scrolls of fear
 D - 2 scrolls of noise
 G - 2 scrolls of amnesia
 H - a scroll of immolation
 I - a scroll of vulnerability {unknown}
 N - a scroll of silence {unknown}
 O - 2 scrolls of torment {unknown}
 S - a scroll of fog
Potions
 a - 3 potions of mutation
 b - 2 potions of cancellation
 e - a potion of resistance
 i - 6 potions of haste
 j - 3 potions of might
 p - a potion of curing
 u - a potion of flight
 E - a potion of attraction {unknown}
 J - a potion of lignification {unknown}
 V - a potion of ambrosia {unknown}


   Skills:
 + Level 11.7 Fighting
 * Level 14.4(15.4) Axes
 - Level 9.1(12.9) Maces & Flails
 * Level 10.5 Throwing
 + Level 11.6 Armour
 - Level 2.6 Dodging
 - Level 0.4 Stealth


You had 11 spell levels left.
You didn't know any spells.
Your spell library contained the following spells:

 Spells                   Type           Power      Damage    Failure   Level
 Sandblast                Erth           0%         2d4       97%         1
 Blink                    Tloc           0%         N/A       99%         2
 Passwall                 Tmut/Erth      0%         N/A       99%         2
 Poisonous Vapours        Pois/Air       0%         N/A       99%         2
 Scorch                   Fire           0%         2d5       99%         2
 Lesser Beckoning         Tloc           0%         N/A       100%        3
 Stone Arrow              Conj/Erth      0%         3d7       100%        3
 Anguish                  Hex/Necr       0%         N/A       100%        4
 Corpse Rot               Necr/Pois/Air  0%         N/A       100%        4
 Flame Wave               Conj/Fire      0%         2d4       100%        4
 Fulminant Prism          Conj/Hex       0%         3d6       100%        4
 Petrify                  Tmut/Erth      0%         N/A       100%        4
 Manifold Assault         Tloc           0%         N/A       100%        5
 Silence                  Hex/Air        0%         N/A       100%        5
 Summon Cactus Giant      Summ           0%         N/A       100%        6
 Dragon Form              Tmut           0%         N/A       100%        7
 Enfeeble                 Hex            0%         N/A       100%        7
 Ozocubu's Refrigeration  Ice            0%         4d7       100%        7


Dungeon Overview and Level Annotations

Branches:
Dungeon (8/15)             Temple (0/1) D:4            Lair (2/5) D:8
  Snake (2/4) Lair:2      Gauntlet (visited)
  Swamp: Lair:2-3    Shoals: Lair:2-3

Altars:
Kikubaaqudgha


Innate Abilities, Weirdness & Mutations

You have a pair of horns on your head.
You reflexively headbutt those who attack you in melee.
You expend magic power (3 MP) to strengthen your wands.
You passively dampen the noise of your surroundings.


Message History

The salamander hits you but does no damage.
There is an open door, spattered with blood here.
Things that are here:
a +0 shortbow; a +0 hand axe You slice the salamander!!
Your headbutt misses the salamander.
The salamander is heavily wounded.
The salamander hits you with a +3 spear.
You are engulfed in flames!
* * * LOW HITPOINT WARNING * * *
The salamander completely misses you.
You slice the salamander!!
The salamander is almost dead.
The salamander hits you from afar with a +1 spear of flaming!
* * * LOW HITPOINT WARNING * * *
You are engulfed in flames!
* * * LOW HITPOINT WARNING * * *
The salamander burns you.
* * * LOW HITPOINT WARNING * * *
The salamander hits you but does no damage. x2
Press: ? - help, v - describe, . - travel, g - get item
Here: a salamander, wielding a +3 spear (almost dead)
Items here: a +0 mace; a +0 dire flail.
The floor, spattered with blood.
You are too berserk!
You slice the salamander!!
You kill the salamander!
Trog accepts your kill. The salamander barely misses you.
Things that are here:
a +0 shortbow; a +1 scimitar of electrocution You feel a strong urge to attack something.
The salamander hits you from afar with a +0 trident.
* * * LOW HITPOINT WARNING * * *
You are engulfed in flames!
* * * LOW HITPOINT WARNING * * *
You are no longer berserk.
You are exhausted.
You feel yourself slow down.
The salamander hits you from afar with a +0 trident!
You die...

###.+### #..#...##....#...#.#....
...#...###..#....##...#[....#....
...'....##..##....#...##..).'..##
...#....##...#....##..##....#..#
...#.....#...##....#..###...#..##
####.#...#....##...#..# #####..#.
.#####...#...N)N)..#..# #...#.
'#...#...##...##...#..# ....#.
.....#....##.##.@..#..##.......##
#....##....###....##..##.........
......#...........##..#..........
......##.........###..#..........
.......###.....### #..#..........
...>.....###########..#....>.....
#..........#.....................
#...#...#..#....................>
############.....................


You could see a salamander.

Vanquished Creatures
  A minotaur (Gauntlet)
  A salamander tyrant (Snake:2)
  A hydra (Lair:2)
  3 anacondas
  A naga warrior (Snake:1)
  3 death yaks (D:8)
  5 naga sharpshooters
  A thrashing horror (Gauntlet)
  A salamander mystic (Snake:2)
  Pikel (D:7)
  A salamander (Snake:2)
  A large abomination (Gauntlet)
  A naga mage (Snake:1)
  7 black mambas
  2 cane toads (Lair:2)
  3 komodo dragons
  A queen bee (Gauntlet)
  A hornet (D:8)
  6 blink frogs
  A basilisk (Lair:2)
  3 wyverns
  4 yaks (D:8)
  A steam dragon (D:6)
  23 nagas
  7 water moccasins
  An orc warrior (D:7)
  A sky beast (D:6)
  An ice beast (D:7)
  3 black bears
  3 centaurs
  2 ogres
  5 wolves (Lair:2)
  2 lemures (D:7)
  9 bullfrogs
  A kobold brigand (D:7)
  Blork the orc (D:4)
  A gnoll sergeant (D:7)
  2 necrophages
  2 scorpions
  6 small abominations (Gauntlet)
  4 wights (D:7)
  5 killer bees (Gauntlet)
  2 hounds
  A jelly (D:4)
  An orc priest (D:5)
  2 orc wizards
  11 gnolls
  8 adders
  A shadow imp (D:8)
  A white imp (D:5)
  2 worms (D:2)
  6 dart slugs
  16 orcs
  6 ball pythons
  6 endoplasms
  3 giant cockroaches
  9 goblins
  7 hobgoblins
  7 jackals (D:4)
  8 kobolds
  6 quokkas
  6 bats
  3 frilled lizards
  8 rats
249 creatures vanquished.

Vanquished Creatures (others)
  10 demonic plants
  7 fungi
  9 plants
26 creatures vanquished.

Grand Total: 275 creatures vanquished

Notes
Turn   | Place    | Note
-------+----------+-------------------------------------------
     0 | D:1      | Hadkhar the Minotaur Berserker began the quest for the Orb.
     0 | D:1      | Reached XP level 1. HP: 19/19 MP: 0/0
   513 | D:1      | Reached XP level 2. HP: 27/27 MP: 1/1
   743 | D:1      | Found a faded altar of an unknown god.
  1348 | D:1      | Reached XP level 3. HP: 33/33 MP: 2/2
  2012 | D:2      | Reached ** piety under Trog
  2095 | D:2      | Reached XP level 4. HP: 39/41 MP: 3/3
  3023 | D:3      | Found an ancient bone altar of Kikubaaqudgha.
  3071 | D:3      | Reached skill level 5 in Maces & Flails
  3416 | D:3      | Reached XP level 5. HP: 40/47 MP: 4/4
  4299 | D:4      | Noticed an ogre
  4303 | D:4      | Noticed a centaur
  4309 | D:4      | Killed an ogre
  4310 | D:4      | Reached skill level 5 in Fighting
  4310 | D:4      | Reached skill level 1 in Axes
  4310 | D:4      | Reached XP level 6. HP: 56/56 MP: 5/5
  4381 | D:4      | Gained mutation: You passively dampen the noise of your
                  | surroundings. [potion of mutation]
  4381 | D:4      | Gained mutation: You expend magic power (3 MP) to
                  | strengthen your wands. [potion of mutation]
  4462 | D:4      | Found a staircase to the Ecumenical Temple.
  4548 | D:4      | Reached skill level 5 in Armour
  4548 | D:4      | Reached XP level 7. HP: 57/61 MP: 6/6
  4588 | D:4      | Noticed Blork the orc
  4614 | D:4      | Killed Blork the orc
  4893 | D:4      | Reached *** piety under Trog
  5311 | D:5      | Entered Level 5 of the Dungeon
  5812 | D:5      | Identified a scroll of acquirement
  5812 | D:5      | Acquired the +4 battleaxe "Tyose" {drain, Fly}
  5938 | D:5      | Reached skill level 2 in Axes
  6407 | D:6      | Noticed a steam dragon
  6413 | D:6      | Killed a steam dragon
  6414 | D:6      | Reached skill level 3 in Axes
  6418 | D:6      | Reached XP level 8. HP: 23/70 MP: 7/7
  6674 | D:6      | Reached skill level 4 in Axes
  6932 | D:6      | Reached skill level 5 in Axes
  7409 | D:6      | Found the dreamshard necklace {*Dream Drain}
  7911 | D:7      | Reached skill level 6 in Axes
  7941 | D:7      | Noticed Pikel
  7949 | D:7      | Killed Pikel
  7950 | D:7      | Reached skill level 7 in Axes
  7950 | D:7      | Reached XP level 9. HP: 63/79 MP: 8/8
  8608 | D:7      | Reached skill level 1 in Throwing
  9307 | D:8      | Reached skill level 8 in Axes
  9459 | D:8      | Noticed a death yak
  9944 | D:8      | Paralysed by a hornet for 3 turns
 10253 | D:8      | Noticed a death yak
 10254 | D:8      | Noticed a death yak
 10278 | D:8      | Killed a death yak
 10279 | D:8      | Reached skill level 9 in Axes
 10279 | D:8      | Reached XP level 10. HP: 90/90 MP: 9/9
 10285 | D:8      | Killed a death yak
 10422 | D:8      | Found a staircase to the Lair.
 10479 | D:8      | Killed a death yak
 10480 | D:8      | Reached skill level 5 in Throwing
 10483 | D:8      | Reached skill level 10 in Axes
 10635 | Lair:1   | Entered Level 1 of the Lair of Beasts
 10899 | Lair:1   | Reached **** piety under Trog
 11163 | Lair:1   | Found a gate leading to a gauntlet.
 11180 | Gauntlet | Entered a Gauntlet
 11180 | Gauntlet | Found a transporter.
 11180 | Gauntlet | Found a transporter.
 11193 | Gauntlet | Noticed a large abomination
 11200 | Gauntlet | Killed a large abomination
 11202 | Gauntlet | Found a transporter.
 11278 | Gauntlet | Found a transporter.
 11279 | Gauntlet | Found a transporter.
 11308 | Gauntlet | Reached XP level 11. HP: 57/97 MP: 10/10
 11317 | Gauntlet | Noticed a wizard
 11462 | Gauntlet | Found a transporter.
 11479 | Gauntlet | Noticed a thrashing horror
 11482 | Gauntlet | Found a transporter.
 11484 | Gauntlet | Found a transporter.
 11493 | Gauntlet | Found a transporter.
 11498 | Gauntlet | Killed a thrashing horror
 11499 | Gauntlet | Reached skill level 11 in Axes
 11539 | Gauntlet | Found a transporter.
 11544 | Gauntlet | Identified the +0 hat of Orimuel {rC++ MP-9 Int+4 Stlth+}
 11564 | Gauntlet | Noticed a glowing orange brain
 11567 | Gauntlet | Noticed a purple ugly thing
 11572 | Gauntlet | Identified the +1 trident "Transmigrator" {venom, Contam
                  | rPois Will+ Dex+5}
 11572 | Gauntlet | Noticed a minotaur
 11577 | Gauntlet | HP: 3/99 [poisoned by a minotaur]
 11597 | Gauntlet | Killed a minotaur
 11637 | Gauntlet | Got the Treatise on Hexes
 11640 | Gauntlet | Got the Spellbook of Shivering Variation
 12272 | Lair:1   | Reached skill level 10 in Fighting
 12447 | Lair:2   | Noticed a four-headed hydra
 12462 | Lair:2   | Killed an eight-headed hydra
 12463 | Lair:2   | Reached skill level 10 in Armour
 12751 | Lair:2   | Reached skill level 12 in Axes
 12969 | Lair:2   | HP: 7/150 [poisoned by a naga (splash of poison)]
 12971 | Lair:2   | HP: 3/100 [poisoned by a naga (splash of poison)]
 13003 | Lair:2   | HP: 4/100 [constriction (2)]
 13011 | Lair:2   | HP: 5/101 [poisoned by a naga (splash of poison)]
 13496 | Lair:2   | Found a staircase to the Snake Pit.
 14153 | Lair:2   | Acquired the ring "Bohyteuf" {rN+ Will+ rCorr Str+2}
 14349 | Snake:1  | Entered Level 1 of the Snake Pit
 15021 | Snake:1  | Reached XP level 12. HP: 102/108 MP: 2/11
 15270 | Snake:1  | Reached skill level 13 in Axes
 15753 | Snake:1  | Noticed a naga warrior
 15766 | Snake:1  | Killed a naga warrior
 17363 | Snake:1  | Noticed an anaconda
 17373 | Snake:1  | Killed an anaconda
 19063 | Snake:2  | Noticed an anaconda
 19064 | Snake:2  | Noticed an anaconda
 19068 | Snake:2  | Killed an anaconda
 19069 | Snake:2  | Reached skill level 10 in Throwing
 19079 | Snake:2  | Killed an anaconda
 19305 | Snake:2  | Reached skill level 14 in Axes
 19745 | Snake:2  | Noticed a salamander tyrant
 19758 | Snake:2  | Killed a salamander tyrant
 20091 | Snake:2  | HP: 7/166 [salamander/+0 trident (8)]
 20093 | Snake:2  | Slain by a salamander

Illustrated notes

Levels and vault maps discovered:
D:1:      eino_arrival_water_cross, layout_loops_corners,
          shapermc_ecumenical_altar_gd, minivault_27,
          dreamdust_mushroom_princess
D:2:      layout_loops_ring
D:3:      layout_loops_ring, mainiacjoe_overflow_concentric_impassable,
          nrook_uturn, grunt_decor_mini_mirrors, minmay_vboxes
D:4:      layout_cave_pools, minmay_temple_entry_tees, uniq_blork_the_orc
D:5:      layout_loops_ring
D:6:      layout_basic
D:7:      layout_basic, minmay_misc_feat_tiny, amcnicky_mini_corridor_feature,
          glass_columns_a, uniq_pikel
D:8:      layout_basic, dpeg_lair_monsters, st_stairs_10
Lair:1:   layout_regular_city, gauntlet_entry_generic, serial_bayou_shore_b,
          infiniplex_staircase_pool, grunt_megastairs_2
Lair:2:   layout_gridlike, minmay_swamp_entry_worms,
          minmay_snake_entry_guardpost_medium, minivault_24
Snake:1:  layout_chambers, nicolae_integral_box
Snake:2:  layout_cave_town, basic_altar, nicolae_snake_serpentine_hallways

Skill      XL: |  1  2  3  4  5  6  7  8  9 10 11 12 |
---------------+-------------------------------------+-----
Maces & Flails | 4 5 6 7 8 9 |  9.1
Fighting       | 4 5 6 7 8 9 10 11 | 11.7
Armour         | 3 4 5 6 7 8 9 10 11 | 11.6
Axes           | 1 3 7 9 10 12 14 | 14.4
Throwing       | 3 6 8 10 | 10.5
Dodging        | |  2.6
Stealth        | |  0.4

Action                   |  1- 3 |  4- 6 |  7- 9 | 10-12 || total
-------------------------+-------+-------+-------+-------++-------
Melee: Mace              |    92 |    62 |       |       ||   154
       Headbutt          |    20 |    15 |    41 |    80 ||   156
       Hand axe          |       |    33 |       |       ||    33
       Dire flail        |       |    43 |    61 |       ||   104
       Flail             |       |    11 |       |       ||    11
       Battleaxe         |       |       |   122 |   332 ||   454
Invok: Berserk           |       |     2 |     1 |    12 ||    15
       Trog's Hand       |       |     1 |       |     2 ||     3
  Use: Potion            |     3 |     4 |       |     8 ||    15
       Scroll            |     1 |     7 |     9 |     4 ||    21
Armor: Leather armour    |     2 |       |       |       ||     2
       Scale mail        |    19 |       |       |       ||    19
       Plate armour      |     5 |    92 |   148 |   157 ||   402
Dodge: Dodged            |    38 |    53 |   110 |   176 ||   377
